AoeStats
← Dr. F

Hideout

508971406Analyzed
1v1 RM · 6d ago on Sep 24, 2026· 40m 40s· 2 players
Game mode
Random Map
Map size
Tiny (2 player)
Population
200
Speed
Normal
Resources
Standard
Victory
Conquest
Starting age
Dark Age
Ending age
Imperial Age
RankedLock teamsTeams togetherTeam positionsShared explorationLock speedFull tech treeHidden civsTurbo modeCheats
Victory
Defeat
🇧🇷 Mongols · Brazil
655
+11
🇺🇸 Vikings · United States
543
-11
Dr. F
5:25 Loom
10:46 Feudal Age
11:31 Double-Bit Axe
12:10 Horse Collar
17:49 Scale Barding Armor
22:19 Castle Age
20:57 Forging
21:53 Scale Mail Armor
23:09 Pikeman
24:18 Bow Saw
24:52 Iron Casting
26:57 Gold Mining
27:17 Squires
28:11 Heavy Plow
30:00 Chain Mail Armor
31:17 Gold Shaft Mining
30:43 Stone Mining
39:22 Treadmill Crane
42:15 Imperial Age
ShiNiGaMiD2263
10:38 Feudal Age
15:33 Castle Age
28:56 Imperial Age
27:44 Bloodlines
29:07 Fletching
29:47 Bodkin Arrow
30:39 Double-Bit Axe
30:36 Horse Collar
30:58 Bracer
32:25 Ballistics
33:13 Padded Archer Armor
33:22 Scale Barding Armor
34:31 Husbandry
34:56 Chain Barding Armor
34:50 Elite Mangudai
36:33 Wheelbarrow
36:49 Forging
38:16 Hand Cart
38:17 Heavy Camel Rider
40:20 Chemistry
39:46 Capped Ram
Connection lost

Rejoining the realm…

Still unreachable

The connection could not be restored.

Session expired

The server has moved on; the page needs a fresh start.